 Dungeon Crawl Stone Soup version 0.31.0-4-g52a2dc7128 (webtiles) character file.

Game seed: 6561164981558329626

2578 case the Grappler (level 9, -8/89 HPs)
             Began as a Troll Hedge Wizard on Jan 22, 2024.
             Was a Believer of Makhleb.
             Mangled by MiniGinger's ghost (24 damage)
             ... on level 6 of the Dungeon.
             The game lasted 00:10:00 (5045 turns).

case the Grappler (Troll Hedge Wizard)              Turns: 5045, Time: 00:10:01

Health: -8/89      AC:  8    Str: 24    XL:     9   Next: 32%
Magic:  11/11      EV:  9    Int: 10    God:    Makhleb [**....]
Gold:   422        SH:  0    Dex:  9    Spells: 11/12 levels left

rFire   . .          .
                       - Unarmed
rCold   . . .        (no shield)
rNeg    . . .        r - +2 animal skin
rPois   .            c - +2 hat
rElec   .            (no cloak)
rCorr   .            (gloves unavailable)
SInv    .            (boots unavailable)
Will    .....        s - amulet of regeneration
Stlth   +            (no ring)
HPRegen 1.94/turn    (no ring)
MPRegen 0.12/turn

%: no passive effects
@: mighty, about to teleport
A: large, unfitting armour, claws 3, regeneration 1, shaggy fur 1, tough skin 1
a: Renounce Religion, Minor Destruction


You were on level 6 of the Dungeon.
You worshipped Makhleb.
Makhleb was pleased with you.
You visited 1 branch of the dungeon, and saw 6 of its levels.
You also visited: Sewer.

You collected 422 gold pieces.

Inventory:

Hand Weapons
 a - a +0 dagger
Armour
 b - a +0 robe
 c - a +2 hat (worn)
 l - a +0 chain mail
 r - a +2 animal skin (worn)
Jewellery
 p - a ring of wizardry
 s - an amulet of regeneration (around neck)
Wands
 q - a wand of flame (18)
 y - a wand of digging (4)
Scrolls
 f - a scroll of fog
 g - 2 scrolls of poison
 h - a scroll of immolation {unknown}
 i - a scroll of torment {unknown}
 j - 2 scrolls of noise
 k - 3 scrolls of teleportation
 u - 2 scrolls of fear {unknown}
 v - 2 scrolls of revelation {unknown}
 x - 2 scrolls of blinking {unknown}
 D - a scroll of enchant weapon {unknown}
Potions
 d - 2 potions of magic
 e - 3 potions of enlightenment
 m - 2 potions of might
 n - a potion of mutation {unknown}
 o - a potion of attraction {unknown}
 t - 2 potions of brilliance
 w - 3 potions of curing
 z - 2 potions of haste {unknown}
 A - 2 potions of resistance {unknown}
 B - a potion of invisibility {unknown}
 C - a potion of heal wounds {unknown}
 E - a potion of lignification {unknown}


   Skills:
 + Level 6.0 Fighting
 + Level 0.3 Armour
 - Level 1.5 Dodging
 - Level 1.0 Stealth
 * Level 10.2 Unarmed Combat
 - Level 2.0 Spellcasting
 - Level 0.6 Conjurations
 - Level 0.6 Summonings
 - Level 0.6 Translocations


You had 11 spell levels left.
You knew the following spells:

 Your Spells              Type           Power      Damage    Failure   Level
a - Magic Dart            Conj           8%         1d3       24%         1

Your spell library contained the following spells:

 Spells                   Type           Power      Damage    Failure   Level
 Freeze                   Ice            4%         1d3       30%         1
 Slow                     Hex            4%         N/A       30%         1
 Blink                    Tloc           4%         N/A       36%         2
 Call Imp                 Summ           4%         N/A       36%         2
 Cigotuvi's Dreadful Rot  Necr/Alch/Air  2%         N/A       43%         2
 Gell's Gravitas          Tloc           2%         N/A       58%         3
 Teleport Other           Tloc           2%         N/A       58%         3
 Hailstorm                Conj/Ice       1%         3d5       63%         3
 Summon Ice Beast         Ice/Summ       1%         N/A       63%         3
 Mephitic Cloud           Conj/Alch/Air  1%         N/A       65%         3
 Frozen Ramparts          Ice            2%         1d1       67%         3
 Summon Mana Viper        Hex/Summ       1%         N/A       100%        5
 Dispersal                Tloc           1%         N/A       100%        6
 Monstrous Menagerie      Summ           1%         N/A       100%        7


Dungeon Overview and Level Annotations

Branches:
Dungeon (6/15)             Temple (0/1) D:5           Sewer (visited)

Altars:
Kikubaaqudgha
Makhleb
Okawaru
Qazlal
Wu Jian

Annotations:
D:6 Aldia's ghost, novice FeSu; MiniGinger's ghost, novice TrSh


Innate Abilities, Weirdness & Mutations

You are too large for most types of armour.
You have claws for hands.
Your natural rate of healing is unusually fast.
You are covered in fur. (AC +1)
You have tough skin. (AC +1)


Message History

Aldia's ghost turns its malevolent gaze towards you.
You open the gate.
Aldia's ghost mumbles some strange words.
An electric hum fills the air.
You mangle MiniGinger's ghost!!
MiniGinger's ghost is moderately damaged.
You closely miss MiniGinger's ghost.
MiniGinger's ghost is moderately damaged.
MiniGinger's ghost hits you!
You claw MiniGinger's ghost!
MiniGinger's ghost is heavily damaged.
MiniGinger's ghost barely misses you.
Aldia's ghost mumbles some strange words.
You scratch MiniGinger's ghost.
MiniGinger's ghost is heavily damaged.
MiniGinger's ghost hits you!!
Aldia's ghost hits you but does no damage.
You claw MiniGinger's ghost!
MiniGinger's ghost is severely damaged.
The cerulean imp hits you but does no damage.
Aldia's ghost hits you but does no damage.
MiniGinger's ghost hits you.
You claw MiniGinger's ghost!
MiniGinger's ghost is severely damaged.
The cerulean imp hits you with a +2 spear.
Aldia's ghost hits you! MiniGinger's ghost hits you!
You feel very mighty all of a sudden.
The cerulean imp hits you but does no damage.
Aldia's ghost casts a spell.
MiniGinger's ghost shouts, "They lied to you.
The Dungeon just goes down and down forever."
MiniGinger's ghost hits you!
* * * LOW HITPOINT WARNING * * *
As you read the scroll of teleportation, it crumbles to dust.
You feel strangely unstable.
The cerulean imp hits you but does no damage.
Aldia's ghost hits you.
* * * LOW HITPOINT WARNING * * *
MiniGinger's ghost assumes a wrestling stance.
MiniGinger's ghost hits you!!
You die...

#........#############...#
#........######(.⌠.[##...#
...(........##8.....8##..#
##.#......###.........#..#
##.##.###..##.........#..#
...##.# ##..#⌠.......⌠#..#
...##.# ####...8.....#..########
...##.# ###WW'####..........
...##.# ###.5@br..#..#########
...##.# #.........#..# ##.##.#
#.####..###.<# #.##.#
####.....#......#
#.##.###<.......#.#...##
##.##..................#
....########.....#.#.#.##
...........#.....#.#.#..#########
...........#.....................


You could see a lightning spire (summoned), Aldia's ghost, MiniGinger's ghost, a
cerulean imp (summoned), a river rat (summoned) and a bat (summoned).

Vanquished Creatures
  Pikel (D:6)
  5 yaks (D:6)
  An orc warrior (D:6)
  A black bear (D:4)
  3 ogres
  A crocodile (Sewer)
  A centaur (D:4)
  A phantom (D:6)
  3 lemures (D:6)
  A brain worm (Sewer)
  3 scorpions
  A bombardier beetle (D:3)
  A gnoll bouda (D:4)
  An orc priest (D:3)
  2 orc wizards
  Robin (D:2)
  12 adders
  3 gnolls (D:4)
  3 river rats
  A shadow imp (D:5)
  2 dart slugs (D:4)
  4 ribbon worms
  19 orcs
  11 endoplasms
  9 giant cockroaches
  13 goblins
  14 hobgoblins
  9 jackals
  11 kobolds
  3 quokkas (D:2)
  12 ball pythons
  5 bats
  5 frilled lizards
  8 rats
171 creatures vanquished.

Notes
Turn   | Place    | Note
-------+----------+-------------------------------------------
     0 | D:1      | case the Troll Hedge Wizard began the quest for the Orb.
     0 | D:1      | Reached XP level 1. HP: 16/16 MP: 2/2
   118 | D:1      | Found a faded altar of an unknown god.
   251 | D:1      | Reached skill level 1 in Unarmed Combat
   286 | D:1      | Reached XP level 2. HP: 26/26 MP: 4/4
   497 | D:1      | Reached skill level 1 in Fighting
   497 | D:1      | Reached skill level 2 in Unarmed Combat
   597 | D:1      | Reached XP level 3. HP: 33/33 MP: 5/5
  1130 | D:2      | Noticed Robin
  1173 | D:2      | Killed Robin
  1174 | D:2      | Reached skill level 3 in Unarmed Combat
  1174 | D:2      | Reached XP level 4. HP: 8/41 MP: 6/6
  1264 | D:2      | Found an ornate altar of the Wu Jian Council.
  1908 | D:3      | Reached XP level 5. HP: 49/49 MP: 7/7
  1924 | D:3      | Reached skill level 4 in Unarmed Combat
  2282 | D:4      | Noticed a centaur
  2285 | D:4      | Killed a centaur
  2286 | D:4      | Reached XP level 6. HP: 59/59 MP: 8/8
  2348 | D:4      | Reached skill level 5 in Unarmed Combat
  2614 | D:4      | Reached XP level 7. HP: 67/67 MP: 9/9
  2621 | D:4      | Found a burning altar of Makhleb.
  2622 | D:4      | Found an ancient bone altar of Kikubaaqudgha.
  2635 | D:4      | Became a worshipper of Makhleb the Destroyer
  2691 | D:4      | Reached skill level 6 in Unarmed Combat
  2868 | D:4      | Noticed a fire elemental
  2869 | D:4      | Found a stormy altar of Qazlal.
  2879 | D:4      | Noticed an air elemental
  2879 | D:4      | Noticed a water elemental
  3045 | D:5      | Entered Level 5 of the Dungeon
  3155 | D:5      | Found a staircase to the Ecumenical Temple.
  3560 | D:6      | Found a runed translucent gate.
  3560 | D:6      | Found a runed translucent gate.
  3561 | D:6      | Found a runed translucent gate.
  3562 | D:6      | Noticed MiniGinger's ghost (novice TrSh)
  3562 | D:6      | Noticed Aldia's ghost (novice FeSu)
  3595 | D:6      | Reached skill level 7 in Unarmed Combat
  3647 | D:6      | Noticed Pikel
  3719 | D:6      | Killed Pikel
  3720 | D:6      | Reached skill level 8 in Unarmed Combat
  3720 | D:6      | Reached XP level 8. HP: 62/79 MP: 10/10
  3809 | D:6      | Reached skill level 5 in Fighting
  3815 | D:6      | Reached skill level 9 in Unarmed Combat
  3821 | D:6      | Reached * piety under Makhleb
  3829 | D:6      | Reached XP level 9. HP: 44/88 MP: 11/11
  3918 | D:6      | Found a glowing drain.
  3929 | Sewer    | Entered a sewer
  4172 | Sewer    | Reached skill level 10 in Unarmed Combat
  4271 | Sewer    | Reached ** piety under Makhleb
  4888 | D:6      | Found an iron altar of Okawaru.
  5038 | D:6      | Noticed a lightning spire
  5045 | D:6      | Mangled by MiniGinger's ghost

Illustrated notes

Levels and vault maps discovered:
D:1:      amcnicky_arrival_blooded_trapdoor, layout_basic,
          dreamdust_ecumenical_altar_statues, chequers_jeans
D:2:      layout_basic, serial_curves, eino_curves_04, eino_curves_02,
          basic_altar, uniq_robin
D:3:      layout_loops_ring
D:4:      layout_basic, nicolae_qazlal_style_of_elements, jmf_multi_god_temple,
          minmay_circle_x
D:5:      layout_cave_pools, minmay_temple_entry_trees
D:6:      layout_basic, kennysheep_okawaru_gauntlet, gammafunk_ghost_cemetery,
          portal_sewer_entry_b, serial_park_tiny_1, glass_columns_a, uniq_pikel

Skill      XL: |  1  2  3  4  5  6  7  8  9 |
---------------+----------------------------+-----
Unarmed Combat | 1 2 3 4 5 8 9 10 | 10.2
Fighting       | 1 2 3 4 5 6 |  6.0
Armour         | |  0.3
Dodging        | |  1.5
Stealth        | |  1.0
Spellcasting   | |  2.0
Conjurations   | |  0.6
Summonings     | |  0.6
Translocations | |  0.6

Action                     |  1- 3 |  4- 6 |  7- 9 || total
---------------------------+-------+-------+-------++-------
  Melee: Unarmed           |   115 |   146 |   212 ||   473
         Dagger            |     6 |       |       ||     6
         Punch             |       |     2 |     6 ||     8
    Use: Scroll            |       |     4 |     7 ||    11
         Potion            |       |       |     1 ||     1
   Stab: Sleeping          |     6 |     2 |     1 ||     9
 Armour: Robe              |    89 |       |       ||    89
         Animal skin       |       |    94 |   172 ||   266
  Dodge: Dodged            |    64 |    62 |    70 ||   196
